 Dungeon Crawl Stone Soup version 0.28-a0-21-gf74fda84f9 (webtiles) character file.

Game seed: 201997488938590174

99961 bande the Blocker (level 16, -7/100 HPs)
             Began as a Gargoyle Fighter on July 26, 2021.
             Was the Champion of Okawaru.
             Killed from afar by a lindwurm (34 damage)
             ... with a blast of flame
             ... summoned by Kirke
             ... on level 1 of the Spider Nest.
             The game lasted 01:13:31 (24440 turns).

bande the Blocker (Gargoyle Fighter)               Turns: 24440, Time: 01:13:31

Health: -7/100     AC:  0    Str: 26    XL:     16   Next: 26%
Magic:  23/23      EV: 14    Int:  9    God:    Okawaru [******]
Gold:   2227       SH:  0    Dex: 10    Spells: 15/15 levels left

rFire   . . .      SeeInvis .   (weapon currently unavailable)
rCold   . . .      Faith    .   (shield currently unavailable)
rNeg    + . .      Spirit   .   (armour currently unavailable)
rPois   ∞          Reflect  .   (helmet currently unavailable)
rElec   .          Harm     .   (cloak currently unavailable)
rCorr   .          Rampage  .   (gloves currently unavailable)
Will    +....                   (boots currently unavailable)
Stlth   +.........              t - amulet of regeneration
HPRegen 1.26/turn               (ring currently unavailable)
MPRegen 0.18/turn               (ring currently unavailable)

@: pig-form, slowed
A: fast, no casting, sickness immunity, AC +12, small, (big wings), negative
energy resistance 1, (electricity resistance), torment resistance 1,
petrification resistance, (large bone plates 1), passive freeze, wild magic 2
a: Renounce Religion, Heroism, Finesse


You were on level 1 of the Spider Nest.
You worshipped Okawaru.
Okawaru was exalted by your worship.
You were a filthy swine.
You visited 5 branches of the dungeon, and saw 24 of its levels.
You also visited: Sewer and Ice Cave.

You collected 2443 gold pieces.
You spent 216 gold pieces at shops.

Inventory:

Hand Weapons
 j - the +3 broad axe of Cabbijar (melded) {vamp, rElec rCorr Str-4 Int+8}
   (You found it on level 11 of the Dungeon)

   It occasionally heals its wielder for a portion of the damage dealt when it
   wounds a living foe.
   Str:       It affects your strength (-4).
   Int:       It affects your intelligence (+8).
   rElec:     It insulates you from electricity.
   rCorr:     It protects you from acid and corrosion.
 p - a +2 vorpal broad axe
 q - the +9 hand axe of the Vase {vorpal, rElec rF+ Str-4}
   (You found it on level 9 of the Dungeon)

   It inflicts extra damage upon your enemies.
   Str:       It affects your strength (-4).
   rF:        It protects you from fire.
   rElec:     It insulates you from electricity.
Missiles
 w - 14 curare-tipped darts (quivered)
 O - 4 throwing nets
Armour
 b - a +0 pair of gloves (melded)
 c - a +0 kite shield (melded)
 e - a +2 pair of boots of stealth (melded)
 s - +0 fire dragon scales
 I - a +1 crystal plate armour (melded)
 K - a +1 cloak (melded)
 T - a +2 helmet (melded)
 X - a +0 hat
Jewellery
 h - a ring of protection from fire (melded)
 i - a ring of protection from fire
 l - a ring of protection from cold
 r - a ring of resist corrosion
 t - an amulet of regeneration (around neck)
 L - a ring of protection from cold (melded)
 N - a ring of see invisible
Wands
 g - a wand of flame (78)
 k - a wand of mindburst (32)
 m - a wand of polymorph (22)
 H - a wand of digging (24)
 J - a wand of charming (4)
 M - a wand of acid (8)
 P - a wand of paralysis (40)
 W - a wand of iceblast (25)
Scrolls
 a - 5 scrolls of enchant weapon
 n - 14 scrolls of teleportation
 v - 2 scrolls of enchant armour
 y - 10 scrolls of identify
 A - a scroll of summoning
 G - 3 scrolls of magic mapping
 V - 2 scrolls of fear
 Z - 2 scrolls of blinking
Potions
 d - 7 potions of might
 o - 7 potions of heal wounds
 u - 4 potions of curing
 x - a potion of invisibility
 z - 5 potions of magic
 B - 2 potions of haste
 C - a potion of resistance
 D - 5 potions of cancellation
 E - 5 potions of brilliance
 F - 8 potions of ambrosia
 S - 2 potions of mutation
 Y - 2 potions of berserk rage
Miscellaneous
 f - a phial of floods
 Q - a piece from Xom's chessboard (15/15)
 R - a lightning rod (4/4)
 U - a phial of floods


   Skills:
 + Level 11.2 Fighting
 + Level 13.8 Axes
 + Level 11.7 Armour
 - Level 2.6 Dodging
 - Level 0.2 Stealth
 + Level 14.8 Shields
 - Level 10.2 Invocations
 - Level 10.2 Evocations


You had 15 spell levels left.
You didn't know any spells.
Your spell library contained the following spells:

 Spells                   Type           Power      Damage    Failure   Level
 Apportation              Tloc           0%         N/A       56%         1
 Corona                   Hex            0%         N/A       56%         1
 Pain                     Necr           0%         1d4       56%         1
 Ensorcelled Hibernation  Hex/Ice        0%         N/A       69%         2
 Passwall                 Tmut/Erth      0%         N/A       69%         2
 Slow                     Hex            0%         N/A       69%         2
 Static Discharge         Conj/Air       0%         N/A       69%         2
 Confusing Touch          Hex            0%         N/A       88%         3
 Frozen Ramparts          Ice            0%         1d2       88%         3
 Swiftness                Air            0%         N/A       88%         3
 Tukima's Dance           Hex            0%         N/A       88%         3
 Vampiric Draining        Necr           0%         2d6       88%         3
 Animate Armour           Summ/Erth      0%         N/A       99%         4
 Ice Form                 Ice/Tmut       0%         N/A       99%         4
 Summon Ice Beast         Ice/Summ       0%         N/A       99%         4
 Alistair's Intoxication  Tmut/Pois      0%         N/A       100%        5
 Blade Hands              Tmut           0%         N/A       100%        5
 Lightning Bolt           Conj/Air       0%         1d11      100%        5
 Summon Forest            Summ/Tloc      0%         N/A       100%        5
 Summon Mana Viper        Hex/Summ       0%         N/A       100%        5
 Eringya's Noxious Bog    Tmut/Pois      0%         N/A       100%        6
 Invisibility             Hex            0%         N/A       100%        6
 Iron Shot                Conj/Erth      0%         9d1       100%        6
 Monstrous Menagerie      Summ           0%         N/A       100%        7
 Ozocubu's Refrigeration  Ice            0%         4d5       100%        7
 Summon Hydra             Summ           0%         N/A       100%        7
 Maxwell's Capacitive Co  Air            0%         ∞         100%        8
 Sublimation of Blood     Necr           Unusable   N/A       N/A         2

Dungeon Overview and Level Annotations

Branches:
Dungeon (14/15)            Temple (1/1) D:7            Lair (6/6) D:9
 Shoals (0/4) Lair:3       Spider (1/4) Lair:4        Slime (0/5) Lair:6
    Orc (2/2) D:10            Elf (0/3) Orc:2        Vaults (0/5) D:14
  Sewer (visited)           IceCv (visited)

Altars:
Ashenzari
Cheibriados
Dithmenos
Elyvilon
Fedhas
Gozag
Hepliaklqana
Kikubaaqudgha
Makhleb
Nemelex Xobeh
Okawaru
Qazlal
Ru
Sif Muna
Trog
Uskayaw
Vehumet
Wu Jian
Xom
Yredelemnul
Zin
The Shining One
Jiyva
Lugonu

Shops:
D:7 (*:   D:8 **!   D:12 *   Orc:1 (   Orc:2 :*[!

Annotations:
Lair:4 1 runed translucent door, LadonLegend's ghost, journeyman TrMo
Lair:5 exclusion: oklob plant
Lair:6 1 runed translucent door
Spider:1 Kirke


Innate Abilities, Weirdness & Mutations

You are a filthy swine.
You move quickly.
Your equipment is almost entirely melded.
You are incapable of wielding weapons or throwing items.
You cannot cast spells.
You are immune to sickness and miasma.
((Your stone body is resilient. (AC +12)))
You are immune to poison.
((Your large and strong wings let you fly.))
You resist negative energy. (rN+)
((You are resistant to electric shocks. (rElec)))
You are resistant to unholy torment.
You are immune to petrification.
((You are partially covered in large bone plates. (SH +4)))
A frigid envelope surrounds you and freezes all who hurt you.
Your spells are harder to cast, but more powerful.


Message History

Kirke hits you!
Kirke is very cold.
Kirke is lightly wounded.
Kirke says, "Can we stop fighting?
I have some good wine for you..." Kirke closely misses you. Kirke hits you!
Kirke is very cold.
Kirke is lightly wounded.
Kirke hits you!! Kirke hits you.
Kirke is very cold.
Kirke is lightly wounded.
Kirke hits you!
Kirke is very cold.
Kirke is lightly wounded.
Kirke says, "Odis was a nice man, you're awful."
Kirke mumbles some strange words.
Kirke glows brightly for a moment.
Kirke points at you and mumbles some strange words.
You feel a momentary urge to oink. Kirke hits you!!
Kirke is very cold.
Kirke is lightly wounded.
Kirke casts a spell at you.
You feel a momentary urge to oink.
Kirke shouts, "You pig!
I'll make you look the way you deserve."
Kirke misses you. The hog completely misses you. Kirke casts a spell at you.
You struggle to resist.
Kirke splashes a potion.
Kirke gestures at you while chanting.
You struggle to resist.
Kirke casts a spell.
Kirke summons a lindwurm!
You see here an orb spider corpse.
The lindwurm breathes flames at you. The blast of flame hits you!!
* * * LOW HITPOINT WARNING * * *
Kirke mumbles some strange words.
Nothing appears to happen.
Kirke casts a spell.
Kirke summons a manticore!
The lindwurm breathes flames at you. The blast of flame hits you!!
You die...

##..##...............
##....................
#.#..............#....
.###........k..........#
.......#....#.†.#H......
..........#....k@#.#####
...#..##..####..h#......
..##.#.....≈##.........#
.. #.†=...#≈.###h.......
. ####.......#......#..
#.#>.#^......#...#
#..#..#.....#≈.#...
###..#......≈#.....
#≈......<...≈≈^....
#≈.........###.....
#≈.........## .#..
#..###..#....


You could see Kirke (fast), a manticore (summoned), 2 lindwurms and a hog.

Vanquished Creatures
  Gastronok (D:11)
  Nessos (D:12)
  Snorg (Orc:1)
  Josephine (Orc:1)
  Harold (D:10)
  A fire dragon (Lair:6)
  Erolcha (Orc:1)
  3 boulder beetles
  11 hydras
  2 catoblepae
  6 two-headed ogres
  2 centaur warriors (D:14)
  A death knight (D:14)
  3 death yaks (Lair:6)
  Urug (Lair:3)
  3 orc high priests (Orc:2)
  Sonja (Lair:1)
  A fire crab (Lair:2)
  A deep elf archer (D:14)
  2 lindwurms (Lair:6)
  5 orc knights
  A swamp dragon (Lair:6)
  2 deep elf pyromancers
  5 wolf spiders (Spider:1)
  A phantasmal warrior (D:14)
  A necromancer (IceCv)
  2 orb spiders (Spider:1)
  12 ugly things
  A manticore (D:13)
  3 orc sorcerers (Orc:2)
  A moth of wrath (Spider:1)
  14 slime creatures
  Maurice (D:8)
  3 cyclopes
  11 elephants
  An ice statue (IceCv)
  11 black mambas
  4 cane toads
  2 torpor snails (Lair:6)
  Maggie (D:8)
  3 unseen horrors
  A kobold demonologist (Orc:1)
  5 rime drakes
  An efreet (D:14)
  2 demonic crawlers (Spider:1)
  5 freezing wraiths
  12 komodo dragons
  A yaktaur (shapeshifter) (D:14)
  2 anaconda simulacra (IceCv)
  12 ice devils (IceCv)
  3 jumping spiders (Spider:1)
  A queen bee (D:11)
  3 polar bears
  3 trolls
  A raiju (shapeshifter) (D:14)
  12 blink frogs
  12 dream sheep
  A meliai zombie (D:10)
  5 tarantellas (Spider:1)
  11 redbacks (Spider:1)
  3 dire elephant simulacra (IceCv)
  Sigmund (D:3)
  4 basilisks
  6 wraiths
  3 wyverns
  24 yaks
  2 hogs (Spider:1)
  13 humans (D:14)
  2 steam dragons
  Eustachio (D:6)
  2 harpy simulacra (IceCv)
  2 death yak simulacra (IceCv)
  2 acid dragons
  2 wargs
  17 water moccasins
  3 swamp drakes (Lair:6)
  21 orc warriors
  A sky beast (D:6)
  9 ogres
  4 wolves (Lair:3)
  8 centaurs
  2 phantoms (D:5)
  11 bullfrogs
  20 kobold brigands
  A gnoll sergeant (D:8)
  2 scorpions
  8 cane toad simulacra (IceCv)
  2 two-headed ogre simulacra (IceCv)
  A wyvern skeleton (D:6)
  2 water moccasin skeletons (D:5)
  3 elephant simulacra (IceCv)
  33 killer bees
  8 wights
  4 electric eels
  4 howler monkeys
  2 hounds
  A bullfrog zombie (D:7)
  4 centaur zombies
  A centaur skeleton (D:5)
  A gnoll shaman (D:9)
  9 orc priests
  3 bullfrog skeletons
  6 iguanas
  Ijyb (D:3)
  20 orc wizards
  A spriggan simulacrum (IceCv)
  4 polar bear simulacra (IceCv)
  3 wolf simulacra (IceCv)
  A hound skeleton (D:5)
  3 howler monkey zombies
  9 gnolls
  A howler monkey skeleton (D:5)
  11 adders
  2 naga simulacra (IceCv)
  5 river rats (D:6)
  A shadow imp (D:7)
  3 white imps
  2 ufetubi
  2 worms
  2 dart slugs
  74 orcs
  8 ball pythons
  7 bats
  6 endoplasms
  4 giant cockroaches
  11 hobgoblins
  8 jackals
  26 kobolds
  2 quokkas (D:1)
  A frilled lizard (Sewer)
  7 goblins
  8 rats
713 creatures vanquished.

Vanquished Creatures (others)
  23 fungi
  57 plants
80 creatures vanquished.

Grand Total: 793 creatures vanquished

Notes
Turn   | Place    | Note
-------+----------+-------------------------------------------
     0 | D:1      | bande the Gargoyle Fighter began the quest for the Orb.
     0 | D:1      | Reached XP level 1. HP: 14/14 MP: 1/1
   158 | D:1      | Reached XP level 2. HP: 14/19 MP: 2/2
   439 | D:1      | Found a faded altar of an unknown god.
  1056 | D:1      | Reached XP level 3. HP: 21/24 MP: 3/3
  1979 | D:2      | Reached XP level 4. HP: 27/29 MP: 4/4
  2080 | D:3      | Noticed a scorpion
  2097 | D:3      | Killed a scorpion
  2098 | D:3      | Reached XP level 5. HP: 21/33 MP: 5/5
  2310 | D:3      | Found an ornate altar of the Wu Jian Council.
  2392 | D:3      | Reached skill level 1 in Evocations
  2631 | D:3      | Noticed Sigmund
  2661 | D:3      | Gained mutation: Your spells are a little harder to cast,
                  | but a little more powerful. [potion of mutation]
  2661 | D:3      | Gained mutation: You are partially covered in large bone
                  | plates. (SH +4) [potion of mutation]
  2661 | D:3      | Gained mutation: Your spells are harder to cast, but more
                  | powerful. [potion of mutation]
  2661 | D:3      | Gained mutation: A frigid envelope surrounds you and
                  | freezes all who hurt you. [potion of mutation]
  2664 | D:3      | Killed Sigmund
  2665 | D:3      | Reached skill level 4 in Shields
  2665 | D:3      | Reached XP level 6. HP: 6/38 MP: 6/6
  3149 | D:3      | Noticed Ijyb
  3164 | D:3      | Killed Ijyb
  3889 | D:4      | Found a shadowy altar of Dithmenos.
  3898 | D:4      | Found a glowing silver altar of Zin.
  3917 | D:4      | Reached XP level 7. HP: 43/43 MP: 7/7
  4056 | D:4      | Reached skill level 1 in Dodging
  4088 | D:5      | Entered Level 5 of the Dungeon
  4110 | D:5      | Reached skill level 5 in Armour
  4231 | D:5      | Found a sacrificial altar of Ru.
  4251 | D:5      | Reached skill level 5 in Shields
  4336 | D:5      | Reached XP level 8. HP: 48/48 MP: 8/8
  4447 | D:5      | Reached skill level 5 in Axes
  4745 | D:6      | Reached skill level 6 in Shields
  4754 | D:6      | Reached XP level 9. HP: 53/53 MP: 9/9
  4812 | D:6      | Reached skill level 5 in Fighting
  4863 | D:6      | Found a glowing drain.
  4870 | Sewer    | Entered a sewer
  5219 | D:6      | Found a hazy altar of Hepliaklqana.
  5350 | D:6      | Found an opulent altar of Gozag.
  5477 | D:6      | Reached skill level 7 in Shields
  5486 | D:6      | Noticed Eustachio
  5522 | D:6      | Killed Eustachio
  6204 | D:7      | Reached skill level 5 in Evocations
  6304 | D:7      | Found Uraol's Book Boutique.
  6411 | D:7      | Found a burning altar of Makhleb.
  6470 | D:7      | Found Cyrhol's Antique Weapon Shoppe.
  6588 | D:7      | Found Rycauterph's General Store.
  6629 | D:7      | Found a staircase to the Ecumenical Temple.
  6635 | Temple   | Entered the Ecumenical Temple
  6643 | Temple   | Became a worshipper of Warmaster Okawaru
  6887 | D:8      | Found Qaer's Specific Store.
  6888 | D:8      | Found Wugua's General Store.
  6891 | D:8      | Reached XP level 10. HP: 58/60 MP: 10/10
  6914 | D:8      | Noticed Maurice
  6938 | D:8      | Killed Maurice
  6939 | D:8      | Reached skill level 1 in Invocations
  6990 | D:8      | Noticed Maggie
  6997 | D:8      | Reached skill level 8 in Shields
  7028 | D:8      | Killed Maggie
  7028 | D:8      | Reached * piety under Okawaru
  7188 | D:8      | Found a bloodstained altar of Trog.
  7289 | D:8      | Found Gytiarixto's Distillery.
  7292 | D:8      | Bought a potion of might for 40 gold pieces
  7292 | D:8      | Bought a potion of heal wounds for 50 gold pieces
  7433 | D:8      | Reached ** piety under Okawaru
  7804 | D:9      | Identified the +9 hand axe of the Vase {vorpal, rElec rF+
                  | Str-4}
  7860 | D:9      | Found a staircase to the Lair.
  8000 | D:9      | Found a snail-covered altar of Cheibriados.
  8001 | D:9      | Noticed a two-headed ogre
  8011 | D:9      | Killed a two-headed ogre
  8011 | D:9      | Reached *** piety under Okawaru
  8012 | D:9      | Reached skill level 9 in Shields
  8613 | Lair:1   | Entered Level 1 of the Lair of Beasts
  8621 | Lair:1   | Noticed Sonja
  8625 | Lair:1   | Reached XP level 11. HP: 60/64 MP: 13/13
  8632 | Lair:1   | Received a gift from Okawaru
  8636 | Lair:1   | Killed Sonja
  8742 | Lair:1   | Reached **** piety under Okawaru
  8775 | Lair:1   | Noticed a four-headed hydra
  8787 | Lair:1   | Killed a four-headed hydra
  9258 | Lair:1   | Received a gift from Okawaru
  9259 | Lair:1   | Reached skill level 5 in Invocations
  9434 | Lair:2   | Reached skill level 10 in Shields
  9518 | Lair:2   | Noticed a fire crab
  9532 | Lair:2   | Killed a fire crab
  9547 | Lair:2   | Noticed a five-headed hydra
  9553 | Lair:2   | Killed a five-headed hydra
 10247 | Lair:3   | Noticed a catoblepas
 10248 | Lair:3   | Found a staircase to the Shoals.
 10259 | Lair:3   | Killed a catoblepas
 10259 | Lair:3   | Reached ***** piety under Okawaru
 10260 | Lair:3   | Reached XP level 12. HP: 53/72 MP: 16/16
 10401 | Lair:3   | Noticed a four-headed hydra
 10407 | Lair:3   | Killed a four-headed hydra
 10742 | Lair:3   | Noticed Urug
 10746 | Lair:3   | Paralysed by Urug for 4 turns
 10756 | Lair:3   | Paralysed by Urug for 4 turns
 10758 | Lair:3   | Killed Urug
 11064 | Lair:3   | Received a gift from Okawaru
 11211 | Lair:4   | Received a gift from Okawaru
 11312 | Lair:4   | Noticed a six-headed hydra
 11316 | Lair:4   | Reached skill level 10 in Axes
 11320 | Lair:4   | Killed a six-headed hydra
 11321 | Lair:4   | Reached skill level 11 in Shields
 11338 | Lair:4   | Noticed a catoblepas
 11350 | Lair:4   | Killed a catoblepas
 11491 | Lair:4   | Found a hole to the Spider Nest.
 11649 | Lair:4   | Found a runed translucent door.
 11650 | Lair:4   | Noticed LadonLegend's ghost (journeyman TrMo)
 12281 | Lair:5   | Received a gift from Okawaru
 12288 | Lair:5   | Reached XP level 13. HP: 69/78 MP: 18/18
 12303 | Lair:5   | Identified the +1 scale mail of Viloh {*Slow rPois rC+
                  | Int+2}
 12585 | Lair:5   | Found a blossoming altar of Fedhas.
 12904 | Lair:6   | Entered Level 6 of the Lair of Beasts
 13137 | Lair:6   | Found a runed translucent door.
 13139 | Lair:6   | Found a viscous altar of Jiyva.
 13141 | Lair:6   | Found a staircase to the Slime Pits.
 13293 | Lair:6   | Reached skill level 12 in Shields
 13305 | Lair:6   | Reached ****** piety under Okawaru
 13481 | Lair:6   | Received a gift from Okawaru
 13658 | Lair:6   | Gained mutation: Your large and strong wings let you fly.
                  | [Gargoyle growth]
 13658 | Lair:6   | Reached XP level 14. HP: 82/84 MP: 20/20
 14775 | D:10     | Entered Level 10 of the Dungeon
 14787 | D:10     | Reached skill level 10 in Armour
 14800 | D:10     | Found a staircase to the Orcish Mines.
 14899 | D:10     | Found a stormy altar of Qazlal.
 14929 | D:10     | Noticed Harold
 14940 | D:10     | Killed Harold
 15922 | D:11     | Noticed Gastronok
 15955 | D:11     | Killed Gastronok
 15955 | D:11     | Received a gift from Okawaru
 16058 | D:11     | Reached skill level 13 in Shields
 16498 | D:11     | Identified the +3 broad axe of Cabbijar {vamp, rElec rCorr
                  | Str-4 Int+8}
 16621 | D:12     | Found Reem's Retail Resort.
 16650 | D:12     | Found a frozen archway.
 16662 | IceCv    | Entered an ice cave
 17514 | IceCv    | Got the Grimoire of the Unholy Snowflakes
 17574 | IceCv    | Found an ancient bone altar of Kikubaaqudgha.
 17630 | IceCv    | Reached skill level 10 in Invocations
 17645 | IceCv    | Reached skill level 10 in Evocations
 18004 | D:12     | Reached XP level 15. HP: 69/92 MP: 22/22
 18080 | D:12     | Found a corrupted altar of Lugonu.
 18156 | D:12     | Received a gift from Okawaru
 18749 | D:12     | Noticed Nessos
 18760 | D:12     | Killed Nessos
 19212 | D:13     | Reached skill level 10 in Fighting
 20149 | D:14     | Found a glowing golden altar of the Shining One.
 20236 | D:14     | Received a gift from Okawaru
 20877 | D:14     | Found a white marble altar of Elyvilon.
 20896 | D:14     | Found a gate to the Vaults.
 21217 | D:14     | Reached skill level 14 in Shields
 21846 | Orc:1    | Entered Level 1 of the Orcish Mines
 21870 | Orc:1    | Noticed Snorg
 21890 | Orc:1    | Killed Snorg
 22074 | Orc:1    | Noticed Erolcha
 22083 | Orc:1    | Killed Erolcha
 22429 | Orc:1    | Found Jonouty's Firing Range.
 22431 | Orc:1    | Noticed Josephine
 22445 | Orc:1    | Killed Josephine
 22523 | Orc:2    | Entered Level 2 of the Orcish Mines
 22558 | Orc:2    | Received a gift from Okawaru
 22559 | Orc:2    | Found a burning altar of Makhleb.
 22773 | Orc:2    | Found a staircase to the Elven Halls.
 23172 | Orc:2    | Paralysed by an orc sorcerer for 5 turns
 23178 | Orc:2    | Reached XP level 16. HP: 74/99 MP: 23/23
 23265 | Orc:2    | Found Xegyrir's General Store.
 23265 | Orc:2    | Found Ufodut's Book Shoppe.
 23267 | Orc:2    | Found Kyps's Distillery.
 23267 | Orc:2    | Found Zigge's Antique Armour Shoppe.
 23268 | Orc:2    | Paralysed by an orc sorcerer for 5 turns
 23304 | Orc:2    | Bought a potion of heal wounds for 70 gold pieces
 23304 | Orc:2    | Bought a potion of might for 56 gold pieces
 24104 | Spider:1 | Entered Level 1 of the Spider Nest
 24160 | Spider:1 | Upgraded the game from 0.28-a0-10-g964c8b829e to
                  | 0.28-a0-21-gf74fda84f9
 24200 | Spider:1 | Identified the +4 war axe "Imp's Funeral" {drain, rN+}
                  | (Okawaru gifted it to you on level 1 of the Spider Nest)
 24200 | Spider:1 | Received a gift from Okawaru
 24405 | Spider:1 | Noticed Kirke
 24440 | Spider:1 | Killed from afar by a lindwurm

Illustrated notes

Levels and vault maps discovered:
D:1:      ncdulo_wetmaze, layout_loops_corners,
          hellmonk_ecumenical_altar_leap_of_faith
D:2:      layout_loops_cross
D:3:      layout_basic, pdpol_wu_jian_five_deadly_venoms, uniq_sigmund,
          uniq_ijyb
D:4:      layout_cave_pools, mainiacjoe_overflow_swirl, minmay_fountain_box
D:5:      layout_loops_ring, mainiacjoe_overflow_boulevard
D:6:      layout_cave_pools, mainiacjoe_overflow_brackets,
          worldfamousw_hep_ancestral_shrine, serial_bayou,
          serial_bayou_lagoon_a, serial_bayou_pond_d, serial_bayou_pond_a,
          serial_bayou_lake_a, lightli_sewer_entry_pipes, uniq_eustachio
D:7:      layout_basic, amcnicky_altar_gilded,
          minmay_temple_entry_enclosed_plants, serial_shops,
          nicolae_shop_statue_plus, shop_fountains, kennysheep_mini,
          minmay_misc_feat_tower, kennysheep_generic_room_5
D:8:      layout_loops_ring, trog_hazing_becter, serial_shops,
          kennysheep_mini_moat, nicolae_specific_store, uniq_maggie,
          uniq_maurice
D:9:      layout_loops_ring, lemuel_round_altar, david_lair_shrubbed,
          hangedman_decor_push, chequers_garden
D:10:     layout_irregular_city, mainiacjoe_overflow_alcove_2, orc_0_dummy,
          minmay_increasing_density, uniq_harold
D:11:     layout_roguey [special_room_bee], uniq_gastronok
D:12:     layout_loops_ring, portal_ice_cave_entry_pillars_2,
          nicolae_alphabet_shops, tgw_lugonu_bribe, uniq_nessos
D:13:     layout_layer_cave, evilmike_butchery
D:14:     layout_stronghold, david_vaults_3, elyvilon_altar_3, tso_metal_star
Temple:   nicolae_temple_no_exploring_needed
Lair:1:   layout_regular_city, minmay_stone_trees_medium, uniq_sonja
Lair:2:   layout_regular_city
Lair:3:   layout_cave_pods, elwin_shoals_entry_rocks,
          nicolae_quartered_pool_medium, uniq_urug
Lair:4:   layout_roguey, dummy_spider_entry, ebering_ghost_inner_flame,
          serial_bayou_shore_b, lemuel_fruit_tree, grunt_megastairs_5,
          serial_bayou_shore_b
Lair:5:   layout_small_grid, hangedman_tree_tricks, serial_bayou_shore_a,
          grunt_megastairs_1
Lair:6:   guppyfry_lair_end_dragon, layout_small_grid, hangedman_lair_in_review,
          slime_altar_2, chequers_serial_rivers_small_a, bh_autumn_forest_stairs
Spider:1: layout_spider_delve, nicolae_spider_circle_web, uniq_kirke
Orc:1:    layout_diamond_mine, special_room [special_room_kobold],
          nicolae_shop_firing_range, uniq_fannar, uniq_snorg, uniq_erolcha,
          uniq_josephine
Orc:2:    grunt_orc_tribal_feast, layout_caves, basic_altar

Skill      XL: |  1  2  3  4  5  6  7  8  9 10 11 12 13 14 15 16 |
---------------+-------------------------------------------------+-----
Axes           | 2 3 4 5 7 8 9 10 11 12 13 | 13.8
Fighting       | 4 5 6 7 8 9 10 11 | 11.2
Armour         | 4 5 6 7 8 9 10 11 | 11.7
Evocations     | 1 2 4 5 6 7 8 9 10 | 10.2
Shields        | 4 5 6 7 9 10 11 12 13 14 | 14.8
Dodging        | 1 2 |  2.6
Invocations    | 3 5 7 8 10 | 10.2
Stealth        | |  0.2

Action                   |  1- 3 |  4- 6 |  7- 9 | 10-12 | 13-15 | 16-18 || total
-------------------------+-------+-------+-------+-------+-------+-------++-------
Melee: War axe           |   103 |    33 |       |       |       |       ||   136
       Hand axe          |       |    69 |   447 |   395 |  1384 |   103 ||  2398
       Morningstar       |       |       |       |    21 |    26 |       ||    47
       Broad axe         |       |       |       |       |       |     6 ||     6
  Use: Scroll            |     3 |     1 |    13 |     1 |     5 |       ||    23
       Potion            |       |     5 |       |       |     1 |       ||     6
Armor: Scale mail        |    55 |    63 |    40 |       |       |       ||   158
       Chain mail        |       |       |   120 |       |       |       ||   120
       Plate armour      |       |       |    14 |   267 |   513 |       ||   794
       Crystal plate arm |       |       |       |       |   185 |    84 ||   269
Dodge: Dodged            |    34 |    31 |    83 |    81 |   214 |    25 ||   468
Block: Kite shield       |    44 |    76 |   331 |   376 |  1042 |   106 ||  1975

Table legend: (Time is in decaauts)
 A = Elapsed time spent in this place.
 B = Non-inter-level travel time spent in this place.
 C = Inter-level travel time spent in this place.
 D = Time resting spent in this place.
 E = Time spent auto-exploring this place.
 F = Levels seen in this place.
 G = Mean time per level.
                   A        B        C        D        E       F      G
               +--------+--------+--------+--------+--------+-----+--------+
         Total |  24391 |  23860 |    531 |   2082 |  14416 |  26 |  938.1 |
       Dungeon |  14712 |  14219 |    493 |   1031 |   9074 |  14 | 1050.9 |
        Temple |     19 |     13 |      6 |      0 |      0 |   1 |   19.0 |
          Lair |   6237 |   6205 |     32 |    324 |   4100 |   6 | 1039.5 |
   Spider Nest |    284 |    284 |      0 |      5 |     49 |   1 |  284.0 |
  Orcish Mines |   1604 |   1604 |      0 |     98 |    858 |   2 |  802.0 |
         Sewer |    281 |    281 |      0 |      0 |    144 |   1 |  281.0 |
      Ice Cave |   1252 |   1252 |      0 |    624 |    190 |   1 | 1252.0 |
               +--------+--------+--------+--------+--------+-----+--------+

Top non-repeatable levels by time:
     D:3: 1556 daAuts
  Lair:6: 1552 daAuts
    D:14: 1505 daAuts
    D:12: 1313 daAuts
   IceCv: 1252 daAuts
     D:1: 1247 daAuts
    D:13: 1206 daAuts
     D:6: 1117 daAuts
     D:9: 1042 daAuts
  Lair:3: 1013 daAuts
     D:8: 985 daAuts
    D:11: 983 daAuts
    D:10: 976 daAuts
  Lair:2: 965 daAuts
  Lair:4: 943 daAuts
